 Dungeon Crawl Stone Soup version 0.29.1-14-g9c671dbff4 (webtiles) character file.

Game seed: 14671323209232826028

72 croobank the Sneak (level 4, -10/31 HPs)
             Began as an Octopode Delver on Feb 16, 2023.
             Killed from afar by Ijyb (15 damage)
             ... with an iceblast
             ... on level 3 of the Dungeon.
             The game lasted 00:04:36 (1215 turns).

croobank the Sneak (Octopode Delver)                Turns: 1215, Time: 00:04:36

Health: -10/31     AC:  1    Str: 11    XL:     4   Next: 25%
Magic:  4/4        EV: 13    Int: 14    God:
Gold:   101        SH:  0    Dex: 13    Spells: 3/3 levels left

rFire   . . .      SeeInvis .   a - +0 hand axe
rCold   . . .      Faith    .   (no shield)
rNeg    . . .      Spirit   .   (helmet restricted)
rPois   .          Reflect  .   g - amulet of magic regeneration
rElec   .          Harm     .   (no ring)
rCorr   .          Rampage  .   (no ring)
Will    .....                   (no ring)
Stlth   ++++......              (no ring)
HPRegen 0.10/turn               (no ring)
MPRegen 0.49/turn               (no ring)
                                (no ring)
                                (no ring)

@: no status effects
A: almost no armour, amphibious, 8 rings, camouflage 1, gelatinous body 1,
(nimble swimmer 1), tentacles
a: no special abilities


You were on level 3 of the Dungeon.
You visited 1 branch of the dungeon, and saw 5 of its levels.
You also visited: Sewer.

You collected 101 gold pieces.

Inventory:

Hand Weapons
 a - a +0 hand axe (weapon)
 l - a +0 quarterstaff
Jewellery
 g - an amulet of magic regeneration (around mantle)
 n - an amulet of reflection
Wands
 f - a wand of digging (3)
 h - a wand of light (4)
 k - a wand of iceblast (9)
Scrolls
 b - a scroll of fog
 c - 2 scrolls of magic mapping
 d - 5 scrolls of fear
 i - a scroll of enchant armour {unknown}
 m - a scroll of vulnerability {unknown}
Potions
 e - a potion of haste
 j - 5 potions of flight


   Skills:
 + Level 3.5 Fighting
 + Level 2.7 Axes
 + Level 2.7 Dodging
 + Level 7.2 Stealth


You had 3 spell levels left.
You didn't know any spells.
Your spell library was empty.

Dungeon Overview and Level Annotations

Branches:
Dungeon (7/15)              Sewer (visited)
 Temple: D:4-7

Altars:

Shops:
D:5 (

Annotations:
D:3 Ijyb


Innate Abilities, Weirdness & Mutations

You cannot wear most types of armour.
You are amphibious.
You can wear up to eight rings at the same time.
Your skin changes colour to match your surroundings (Stealth+).
Your rubbery body absorbs attacks. (AC +1, EV +1)
((You are camouflaged when in or above water. (Stealth+)))
You have tentacles for arms and can constrict up to eight enemies at once.


Message History

m - a scroll labelled JUSORIX JEPTO
Found a stone staircase leading up.
Found 11 gold pieces.
Found a translucent scale mail.
Found a dented steel amulet.
An endoplasm comes into view.
You see here 11 gold pieces.
You now have 101 gold pieces (gained 11).
There is a stone staircase leading up here.
An orc comes into view. It is wielding a +0 short sword.
You see here an amulet of reflection.
n - an amulet of reflection
There is a stone staircase leading up here.
An orc comes into view. It is wielding a +0 dagger.
The helpless endoplasm fails to defend itself.
You slash the endoplasm!
You kill the endoplasm!
There is a stone staircase leading up here.
You climb upwards.
Found a stone staircase leading down.
There is a stone staircase leading down here.
Ijyb the Twisted Goblin comes into view.
She is wielding a +0 dagger and carrying a wand of iceblast (7).
Ijyb shouts!
A rat comes into view.
Aiming: Bolt of Light
Press: ? - help, Shift-Dir - straight line, f - Ijyb
Aim: Ijyb, wielding a +0 dagger, wearing a +0 leather armour and carrying a wand of iceblast (7) (64% to hit)
The bolt of light hits Ijyb.
Ijyb is lightly wounded.
Ijyb is blinded.
Ijyb zaps a wand.
The mass of ice explodes!
The iceblast engulfs you!
Aiming: Iceblast
Press: ? - help, Shift-Dir - straight line, f/p - Ijyb
Aim: Ijyb, wielding a +0 dagger, wearing a +0 leather armour and carrying a wand of iceblast (6) (lightly wounded, blind)
The mass of ice explodes!
The iceblast engulfs Ijyb!
Ijyb is heavily wounded.
Ijyb zaps a wand.
The mass of ice explodes!
The iceblast engulfs you!
* * * LOW HITPOINT WARNING * * *
Ijyb zaps a wand.
The mass of ice explodes!
The iceblast engulfs you!
You die...

#>......# #.......#
##.......#
#........#
#........# ##
#..>.....# .
#........# #.
#........#
#.####@.......#
#.###...............
.........###########
.........########
.....g...........
r........########
..######## .


You could see Ijyb (blind).

Vanquished Creatures
  A hound (D:4)
  An adder (D:6)
  A river rat (Sewer)
  8 bats (Sewer)
  2 endoplasms
  7 giant cockroaches
  3 quokkas (D:4)
  2 ball pythons (Sewer)
25 creatures vanquished.

Notes
Turn   | Place    | Note
-------+----------+-------------------------------------------
     0 | D:5      | croobank the Octopode Delver began the quest for the Orb.
     0 | D:5      | Reached XP level 1. HP: 16/16 MP: 1/1
   150 | D:6      | Reached XP level 2. HP: 21/21 MP: 2/2
   288 | D:5      | Found Vapo's Weapon Emporium.
   291 | D:5      | Noticed a black bear
   599 | D:4      | Found a glowing drain.
   611 | Sewer    | Entered a sewer
   689 | Sewer    | Reached XP level 3. HP: 26/26 MP: 3/3
   913 | Sewer    | Reached skill level 7 in Stealth
  1095 | D:4      | Reached XP level 4. HP: 26/31 MP: 4/4
  1208 | D:3      | Noticed Ijyb
  1215 | D:3      | Killed from afar by Ijyb

Illustrated notes

Levels and vault maps discovered:
D:3:      layout_basic, ebering_ecumenical_altar_petrified, hex_medium,
          uniq_ijyb
D:4:      kennysheep_the_goblin_king, layout_gridville, gup_sewer_entry_bubbles,
          kennysheep_diamond, minmay_misc_feat_hallway, minmay_vboxes
D:5:      layout_cave_pods, chequers_temple_overflow_statue_of_worship,
          gammafunk_ghost_hive, serial_shops, nicolae_diamond_shop
D:6:      layout_basic, temple_green, uniq_edmund, uniq_blork_the_orc
D:7:      layout_loops_corners, okawaru_altar_gauntlet_db,
          minmay_overflow_temple_star_quad

Skill      XL: |  1  2  3 |
---------------+----------+-----
Stealth        | 7 |  7.2
Fighting       | |  3.5
Axes           | |  2.7
Dodging        | |  2.7

Action                   |  1- 3 |  4- 6 || total
-------------------------+-------+-------++-------
Melee: Hand axe          |    45 |     1 ||    46
       Constrict         |    14 |       ||    14
       Tentacles         |     8 |       ||     8
Evoke: Wand              |     2 |     2 ||     4
 Stab: Sleeping          |    14 |     1 ||    15
       Invisible         |     1 |       ||     1
Armor: Skin              |    10 |       ||    10
Dodge: Dodged            |    28 |       ||    28
